 Dungeon Crawl Stone Soup version 0.17-a0-2109-g117576f (webtiles) character file.

3950 M4edhros the Blocker (level 10, -1/102 HPs)
             Began as an Octopode Artificer on Oct 19, 2015.
             Was a High Priest of Cheibriados.
             Succumbed to M4edhros's ghost's poison
             ... on level 7 of the Dungeon.
             The game lasted 00:11:54 (7222 turns).

M4edhros the Blocker (Octopode Artificer)           Turns: 7222, Time: 00:11:54

Health: -1/102     AC: 25    Str: 21    XL:     10   Next: 21%
Magic:  14/14      EV:  2    Int: 27    God:    Cheibriados [*****.]
Gold:   425        SH: 15    Dex: 28    Spells: 0 memorised, 9 levels left

rFire  . . .     SeeInvis +     a - +0 short sword
rCold  . . .     Clarity  +     n - +0 shield
rNeg   + + +     SustAt   .     (helmet currently unavailable)
rPois  +         Gourm    .     h - amulet of resist corrosion
rElec  .         Spirit   .     k - ring of loudness
rCorr  +         Warding  .     l - ring of protection from magic
rMut   .         NoTele   +     F - ring of stealth
MR     +....                    I - ring of flight
Stlth  +++++.....               (no ring)
                                (no ring)
                                (no ring)
                                (no ring)

@: lethally poisoned (-1 -> -19), tree-form, very slightly contaminated,
invisible (expiring), very slow, somewhat resistant to hostile enchantments,
quite stealthy
A: almost no armour, amphibious, 8 rings, (constrict 8), (camouflage 0), see
invisible, berserk 1, clarity, clever 1, (gelatinous body 0)
a: Bend Time, Temporal Distortion, Slouch, Step From Time, Renounce Religion


You were on level 7 of the Dungeon.
You worshipped Cheibriados.
Cheibriados was extremely pleased with you.
You were hungry.
You were a tree.
You visited 1 branch of the dungeon, and saw 8 of its levels.

You collected 425 gold pieces.

Inventory:

Hand Weapons
 a - a +0 short sword (weapon)
 x - a +0 hunting sling
Missiles
 g - 138 stones (quivered)
 p - 51 sling bullets
 v - 7 javelins
Armour
 n - a +0 shield (worn)
Jewellery
 h - an amulet of resist corrosion (around neck)
 k - a ring of loudness (left branch)
 l - a ring of protection from magic (right branch)
 F - a ring of stealth (on tentacle)
 I - a ring of flight (on tentacle)
Wands
 b - a wand of flame (10)
 c - a wand of enslavement (11)
 d - a wand of random effects (4)
 q - a wand of polymorph (14)
 r - a wand of frost (15)
Scrolls
 i - 3 scrolls of teleportation
 m - 3 scrolls of identify
 o - 5 scrolls of remove curse
 u - a scroll of recharging {unknown}
 w - 3 scrolls of enchant armour {unknown}
 y - a scroll of noise {unknown}
 z - a scroll of blinking {unknown}
 A - 2 scrolls of enchant weapon {unknown}
 C - a scroll of brand weapon {unknown}
 E - 2 scrolls of amnesia
 G - a scroll of fear {unknown}
 L - a scroll of immolation {unknown}
Potions
 B - a potion of brilliance
 D - 2 potions of poison
Books
 J - an Akashic Record

   Spells                             Type                      Level
   a - Dispersal                      Translocation                6
   b - Controlled Blink               Translocation                7
   c - Malign Gateway                 Summoning/Translocation      7
   d - Disjunction                    Translocation                8
Comestibles
 e - 5 bread rations
 f - 3 meat rations
 s - a royal jelly
 H - 4 fruits
 K - a beef jerky


   Skills:
 * Level 5.6 Fighting
 - Level 1.0 Short Blades
 * Level 5.5 Dodging
 + Level 5.5 Stealth
 * Level 13.1 Shields
 + Level 1.6 Unarmed Combat
 + Level 5.6 Evocations


You had 9 spell levels left.
You didn't know any spells.

Dungeon Overview and Level Annotations

Branches:
Dungeon (8/15)             Temple (0/1) D:4            Lair (0/8) D:8

Altars:
Ashenzari
Cheibriados
Fedhas
Gozag
Kikubaaqudgha
Ru
The Shining One

Shops:
D:7 :%

Annotations:
D:7 M4edhros's ghost, novice OpAr


Innate Abilities, Weirdness & Mutations

You cannot wear most types of armour.
You are amphibious.
You can wear up to eight rings at the same time.
((You can use your tentacles to constrict eight enemies at once.))
((Your skin changes colour to match your surroundings (Stealth).))
((Your rubbery body absorbs attacks (AC +1).))
You have supernaturally acute eyesight.
You tend to lose your temper in combat.
You possess an exceptional clarity of mind.
Your mind is acute. (Int +2)


Message History

Evoke which item? (* to show all) (? for menu, Esc to quit)
Zapping:
c - a wand of enslavement (12)
Press: ? - help, Shift-Dir - straight line, f - M4edhros's ghost
Aim: M4edhros's ghost, wielding a weapon of venom (lightly damaged, chance to defeat MR: 20%) M4edhros's ghost is charmed.
This wand has 11 charges left.
* * * LOW HITPOINT WARNING * * *
You feel sick.
You flicker for a moment.
* * * LOW HITPOINT WARNING * * *
You feel very sick.
* * * LOW HITPOINT WARNING * * *
You feel very sick.
Drink which item? (? for menu, Esc to quit)
You turn into a tree.
Your roots penetrate the ground.
* * * LOW HITPOINT WARNING * * *
You feel sick.
You cannot move.
* * * LOW HITPOINT WARNING * * *
You feel sick.
You die...

....#.....#.# ##.#8#.#.###
....#.....#.# #.#.#.#.# #
....##+#.##.# #.#.....###
#†#.##.#.##.###########)#∩#.###.#
#.#.#>..................)........
#.#.#..#.##.#####.....#o#.#####.#
#.#.......#.# #.....#..8......#
#.######..#.# ###W....#.........#
..........#.# #)♣.....#........o#
..#######.#.# #.#.....#......o..#
.....# #.#.# #.#.....#.........#
.....# #.#.###.#.#'###.#.#......
.....# #.#.#...#......(#<#.###..
.....####.#.#...#.#.###.......+..
.[...'......#...#.#.# #......##..
.....####.#####.#.#.# #......##..
####.#..#.# #...#.# #......####


You could see the friendly M4edhros's ghost.

Vanquished Creatures
  Sigmund (D:3)
  A yak (D:7)
  A basilisk (D:8)
  2 orc warriors
  A sky beast (D:7)
  2 porcupines
  2 black bears
  2 phantoms
  A wasp (D:5)
  An ogre (D:7)
  3 crocodiles (D:8)
  2 centaurs
  2 ice beasts
  5 giant frogs
  2 scorpions
  2 hounds
  2 crimson imps
  A centaur zombie (D:6)
  A giant frog skeleton (D:7)
  A giant frog zombie (D:7)
  3 orc wizards (D:5)
  4 iguanas
  An orc priest (D:5)
  A gnoll shaman (D:5)
  6 worker ants
  3 hound zombies
  12 gnolls
  6 adders
  2 river rats (D:8)
  A shadow imp (D:7)
  4 adder skeletons
  A worm (D:2)
  3 giant geckos
  13 orcs
  2 ball pythons
  7 goblins
  9 hobgoblins
  9 jackals
  5 quokkas
  9 bats
  6 giant cockroaches
  A giant gecko skeleton (D:7)
  9 giant newts
  8 kobolds
  A quokka skeleton (D:5)
  A quokka zombie (D:7)
  8 rats
170 creatures vanquished.

Vanquished Creatures (others)
  A crocodile (D:8)
  An orc wizard (D:5)
  A hound (D:4)
  An orc (D:5)
  A bush (D:8)
  2 fungi (D:8)
  10 plants (D:8)
17 creatures vanquished.

Grand Total: 187 creatures vanquished

Notes
Turn   | Place    | Note
--------------------------------------------------------------
     0 | D:1      | M4edhros the Octopode Artificer began the quest for the Orb.
     0 | D:1      | Reached XP level 1. HP: 13/13 MP: 3/3
    95 | D:1      | Found a snail-covered altar of Cheibriados.
   109 | D:1      | Reached XP level 2. HP: 8/18 MP: 4/4
   169 | D:1      | Became a worshipper of Cheibriados the Contemplative
   639 | D:1      | Reached * piety under Cheibriados
   654 | D:1      | Reached XP level 3. HP: 8/23 MP: 5/5
  1724 | D:3      | Reached XP level 4. HP: 29/29 MP: 6/6
  1734 | D:3      | Reached ** piety under Cheibriados
  1866 | D:3      | Noticed Sigmund
  1875 | D:3      | Killed Sigmund
  1875 | D:3      | Reached skill level 1 in Shields
  1875 | D:3      | Reached skill level 4 in Evocations
  1875 | D:3      | Reached XP level 5. HP: 14/36 MP: 6/8
  1875 | D:3      | Reached XP level 6. HP: 16/42 MP: 6/9
  2086 | D:3      | Found a sacrificial altar of Ru.
  2768 | D:4      | Found a glowing golden altar of the Shining One.
  2872 | D:4      | Found a staircase to the Ecumenical Temple.
  3224 | D:5      | Entered Level 5 of the Dungeon
  3305 | D:5      | Reached XP level 7. HP: 42/47 MP: 10/10
  3410 | D:5      | Reached *** piety under Cheibriados
  3895 | D:5      | Reached skill level 12 in Shields
  3895 | D:5      | Reached XP level 8. HP: 14/54 MP: 11/11
  3907 | D:5      | Gained mutation: You regenerate slowly when monsters are visible. [potion of mutation]
  3907 | D:5      | Gained mutation: You tend to lose your temper in combat. [potion of mutation]
  3907 | D:5      | Lost mutation: You regenerate slowly when monsters are visible. [potion of mutation]
  3951 | D:5      | Gained mutation: You have supernaturally acute eyesight. [potion of mutation]
  3951 | D:5      | Gained mutation: You possess an exceptional clarity of mind. [potion of mutation]
  3951 | D:5      | Gained mutation: Your mind is acute. (Int +2) [potion of mutation]
  4263 | D:5      | Found an ancient bone altar of Kikubaaqudgha.
  4680 | D:6      | Reached XP level 9. HP: 49/59 MP: 12/12
  4686 | D:6      | Reached **** piety under Cheibriados
  5071 | D:6      | Found an opulent altar of Gozag.
  5190 | D:6      | Found a shattered altar of Ashenzari.
  5191 | D:6      | Found a blossoming altar of Fedhas.
  5411 | D:7      | Found Iseqis's Book Shop.
  5468 | D:7      | Reached skill level 5 in Evocations
  5501 | D:7      | Found Ileyn's Food Shop.
  5507 | D:7      | Reached skill level 5 in Fighting
  5625 | D:7      | Reached skill level 5 in Stealth
  5912 | D:7      | Reached skill level 5 in Dodging
  5987 | D:7      | Noticed M4edhros's ghost (novice OpAr)
  5992 | D:7      | Reached ***** piety under Cheibriados
  6124 | D:8      | Reached skill level 1 in Unarmed Combat
  6442 | D:8      | Reached skill level 13 in Shields
  6589 | D:8      | Reached XP level 10. HP: 20/66 MP: 14/14
  6883 | D:8      | Found a staircase to the Lair.
  7219 | D:7      | HP: 2/68 [poisoned by M4edhros's ghost]
  7222 | D:7      | Succumbed to M4edhros's ghost's poison

Vault maps used:
D:1:      dpeg_arrival_shrine, serial_aquarium, aquarium_bridge_square,
          aquarium_bridge_square, aquarium_window_1, aquarium_window_corner,
          aquarium_view_2b, cheibriados_altar_1
D:2:      minivault_25, kennysheep_generic_room_11
D:3:      nicolae_ru_sacrificial_ziggurat, uniq_sigmund
D:4:      tso_oasis_becter, lemuel_temple_firewalk, minmay_ruptured
D:5:      kiku_gazebo_pond_becter, first_bread, grunt_ministairs_13
D:6:      gammafunk_temple_overflow_pools, grunt_gozag_breadcrumbs
D:7:      serial_shops, shop_statue, nicolae_shop_crystal
D:8:      nicolae_overflow_hidden_temple, minmay_lair_entry_grove

Action                   |  1- 3 |  4- 6 |  7- 9 | 10-12 || total
-------------------------+-------+-------+-------+-------++-------
Melee: Short sword       |    91 |    56 |   236 |    49 ||   432
 Fire: Hunting sling     |     4 |       |       |       ||     4
Evoke: Wand              |       |     3 |    16 |     1 ||    20
  Use: Scroll            |       |     2 |     2 |     1 ||     5
       Potion            |       |     1 |    10 |     2 ||    13
 Stab: Sleeping          |     1 |    10 |    11 |       ||    22
       Distracted        |       |     1 |     3 |       ||     4
  Eat: Chunk             |       |     2 |     1 |     1 ||     4
       Meat ration       |       |       |     1 |       ||     1
